 Dungeon Crawl Stone Soup version 0.29.1-15-g9cfb28693d (console) character file.

Game seed: 1450736519547103211

1039 om the Magician (level 8, -2/50 HPs)
             Began as a Djinni Fire Elementalist on Feb 24, 2023.
             Was an Initiate of Ashenzari.
             Killed by nerve-wracking pain
             ... invoked by a shadow imp
              (13 damage)
             ... on level 6 of the Dungeon.
             The game lasted 00:11:43 (6329 turns).

om the Magician (Djinni Fire Elementalist)          Turns: 6329, Time: 00:11:44

Health: -2/50      AC:  4    Str:  7    XL:     8   Next: 49%
Gold:   870        EV: 13    Int: 18    God:    Ashenzari [......] SH:  0 Dex: 15

rFire   + + .      SeeInvis .   i - staff of conjuration
rCold   x . .      Faith    .   (no shield)
rNeg    . . .      Spirit   .   a - +0 robe
rPois   ∞          Reflect  .   (no helmet)
rElec   .          Harm     .   (no cloak)
rCorr   .          Rampage  .   y - +1 pair of gloves
Will    .....                   (boots unavailable)
Stlth   ++........              k - amulet of Ashenzari's Relativism {Regen+, Fort, Melee} (curse)
HPRegen 0.96/turn               e - ring of wizardry
MPRegen 0.00/turn               (no ring)

@: flying
A: sickness immunity, fire resistance 2, cold vulnerability 1, float, innate
caster, HP casting, extra vitality 1
a: Renounce Religion, Shatter the Chains


You were on level 6 of the Dungeon.
You worshipped Ashenzari.
Ashenzari was noncommittal.
You visited 2 branches of the dungeon, and saw 7 of its levels.

You collected 1212 gold pieces.
You spent 342 gold pieces at shops.

Inventory:

Hand Weapons
 b - a +0 dagger
Armour
 a - a +0 robe (worn)
 y - a +1 pair of gloves (worn)
Magical Staves
 i - a staff of conjuration (weapon)
Jewellery
 e - a ring of wizardry (left hand)
 k - the cursed amulet of Ashenzari's Relativism (around neck) {Regen+, Fort, Melee}
   (You found it on level 3 of the Dungeon)

   [amulet of regeneration]

   Regen:     It increases your rate of health regeneration.
   It has a curse which improves the following skills: Fortitude: Armour and
   Shields.
   Melee Combat: Short Blades, Long Blades, Axes, Maces & Flails, Polearms,
   Staves and Unarmed Combat.
 v - a ring of protection from cold
Wands
 l - a wand of polymorph (6)
 t - a wand of flame (27)
Scrolls
 f - a scroll of acquirement
 h - 2 scrolls of noise {unknown}
 j - a scroll of blinking {unknown}
 m - a scroll of amnesia {unknown}
 n - a scroll of torment {unknown}
 q - a scroll of brand weapon {unknown}
 s - a scroll of poison
 u - 5 scrolls of fog
 w - a scroll of magic mapping {unknown}
 x - a scroll of teleportation {unknown}
 z - a scroll of summoning
 A - a scroll of immolation
 B - 2 scrolls of identify
Potions
 c - a potion of heal wounds {unknown}
 d - 2 potions of berserk rage
 o - a potion of lignification {unknown}
 p - 3 potions of haste
 r - a potion of might


   Skills:
 - Level 3.0 Dodging
 - Level 3.0 Stealth
 * Level 6.3 Spellcasting
 - Level 4.0 Evocations


You couldn't memorise any spells.
You knew the following spells:

 Your Spells              Type           Power      Damage    Failure   Level
a - Foxfire               Conj/Fire      100%       2x1d9     1%          1
b - Scorch                Fire           56%        2d7       1%          2
c - Conjure Flame         Conj/Fire      42%        6-21      1%          3
d - Inner Flame           Hex/Fire       28%        N/A       1%          3
e - Flame Wave            Conj/Fire      42%        2d11      3%          4
f - Shock                 Conj/Air       100%       1d9       1%          1
g - Poisonous Vapours     Pois/Air       56%        N/A       1%          2
h - Mephitic Cloud        Conj/Pois/Air  42%        N/A       1%          3
Your spell library was empty.

Dungeon Overview and Level Annotations

Branches:
Dungeon (6/15)             Temple (1/1) D:4

Altars:
Ashenzari
Cheibriados
Elyvilon
Fedhas
Hepliaklqana
Nemelex Xobeh
Qazlal
Ru
Zin

Shops:
D:6 *


Innate Abilities, Weirdness & Mutations

You are immune to sickness and miasma.
You are immune to poison.
Your flesh is very heat resistant. (rF++)
You are vulnerable to cold. (rC-)
You float through the air rather than walking.
You learn spells naturally, not from books.
Your magical power is your life essence.
You have superior vitality. (+4 MHP)


Message History

* * * LOW HITPOINT WARNING * * *
Reactivating autopickup.
Okay, then.
The shadow attacks as you move away! The shadow hits you!
* * * LOW HITPOINT WARNING * * *
The shadow smothers the flame.
You feel better. The shadow hits you.
You feel better. The shadow hits you.
Casting: Conjure Flame (safe; 1% risk of failure)
Confirm with . or Enter, or press ? or * to list all spells.
Flames lash the shadow.
The shadow is moderately damaged.
The shadow's fire resistance burns away.
The shadow hits you!
* * * LOW HITPOINT WARNING * * *
Casting: Scorch (safe; 1% risk of failure)
Confirm with . or Enter, or press ? or * to list all spells.
Flames lash the shadow.
The shadow is burned terribly!
The shadow is almost destroyed.
* * * LOW HITPOINT WARNING * * *
The shadow hits you.
* * * LOW HITPOINT WARNING * * *
Casting: Scorch (safe; 1% risk of failure)
Confirm with . or Enter, or press ? or * to list all spells.
Flames lash the shadow.
The shadow is burned terribly!
You destroy the shadow!
* * * LOW HITPOINT WARNING * * *
Your Spellcasting skill increases to level 6!
Unknown command.
You start resting.
A shadow imp comes into view.
Casting: Scorch (safe; 1% risk of failure)
Confirm with . or Enter, or press ? or * to list all spells.
Flames lash the shadow imp.
The shadow imp is almost dead.
The shadow imp's fire resistance burns away.
* * * LOW HITPOINT WARNING * * *
The shadow imp gestures at you. Pain shoots through your body!
You die...

#.#####.......##
#........#.#..#
#...............
#........#.#.###
∩
##............#
#.........#.#.#
#.#.......#.#...
#.#.......# #
... #@#########
## #.# #5# #..
..# ###


You could see a shadow imp (combustible).

Vanquished Creatures
  A shadow (D:6)
  Menkaure (D:5)
  2 ogres (D:5)
  A bullfrog (D:6)
  2 scorpions (D:5)
  2 hounds (D:4)
  An orc priest (D:4)
  Ijyb (D:3)
  3 iguanas
  12 adders
  A white imp (D:5)
  A worm (D:3)
  3 dart slugs
  7 orcs
  6 bats
  11 endoplasms
  2 giant cockroaches
  10 hobgoblins
  7 jackals
  10 kobolds
  3 quokkas
  8 ball pythons
  2 frilled lizards (D:3)
  9 goblins
  7 rats
113 creatures vanquished.

Vanquished Creatures (others)
  313 foxfires
313 creatures vanquished.

Grand Total: 426 creatures vanquished

Notes
Turn   | Place    | Note
-------+----------+-------------------------------------------
     0 | D:1      | om the Djinni Fire Elementalist began the quest for the
                  | Orb.
     0 | D:1      | om set off with the following spells memorised: Foxfire,
                  | Scorch, Conjure Flame, Inner Flame, Flame Wave.
     0 | D:1      | Reached XP level 1. HP: 15/15 MP: 0/0
   532 | D:1      | Reached XP level 2. HP: 19/21 MP: 0/0
  1065 | D:1      | Reached XP level 3. HP: 24/25 MP: 0/0
  1065 | D:1      | Learned a level 1 spell: Shock
  2028 | D:2      | Reached skill level 3 in Spellcasting
  2222 | D:2      | Reached XP level 4. HP: 26/31 MP: 0/0
  3457 | D:3      | Noticed Ijyb
  3484 | D:3      | Killed Ijyb
  3485 | D:3      | Reached skill level 1 in Evocations
  3485 | D:3      | Reached XP level 5. HP: 30/35 MP: 0/0
  3485 | D:3      | Learned a level 2 spell: Poisonous Vapours
  3568 | D:3      | You are sucked into a shaft and drop 1 floor!
  3682 | D:4      | Found a staircase to the Ecumenical Temple.
  3690 | Temple   | Entered the Ecumenical Temple
  3872 | Temple   | Became a worshipper of Ashenzari the Shackled
  4735 | D:3      | Reached XP level 6. HP: 38/40 MP: 0/0
  4982 | D:4      | Reached skill level 4 in Spellcasting
  5047 | D:4      | Identified 2 scrolls of acquirement
  5612 | D:5      | Entered Level 5 of the Dungeon
  5696 | D:5      | Reached XP level 7. HP: 18/45 MP: 0/0
  5696 | D:5      | Learned a level 3 spell: Mephitic Cloud
  5792 | D:5      | Noticed Menkaure
  5796 | D:5      | Killed Menkaure
  5797 | D:5      | Reached skill level 5 in Spellcasting
  6050 | D:5      | Reached XP level 8. HP: 50/50 MP: 0/0
  6294 | D:6      | Found Hycolamm's General Store.
  6297 | D:6      | Acquired 871 gold pieces
  6300 | D:6      | Bought a scroll of summoning for 114 gold pieces
  6300 | D:6      | Bought 3 scrolls of fog for 144 gold pieces
  6300 | D:6      | Bought a potion of curing for 36 gold pieces
  6300 | D:6      | Bought a scroll of immolation for 48 gold pieces
  6306 | D:6      | Noticed a shadow
  6325 | D:6      | Killed a shadow
  6326 | D:6      | Reached skill level 6 in Spellcasting
  6329 | D:6      | Killed from afar by a shadow imp

Illustrated notes

Levels and vault maps discovered:
D:1:      elethiomel_arrival_diamonds, layout_loops_corners
D:2:      layout_basic, grunt_decor_arrowhead
D:3:      minmay_razor_zed, layout_loops_cross, uniq_ijyb
D:4:      layout_basic, minmay_temple_entry_proselytizer
D:5:      layout_basic, uniq_menkaure
D:6:      layout_loops_cross, serial_shops, nicolae_stop_n_shop_1,
          nicolae_ossuary_entry_catacombs, uniq_sigmund, uniq_duvessa
Temple:   nicolae_temple_two_arcs

Skill      XL: |  1  2  3  4  5  6  7  8 |
---------------+-------------------------+-----
Stealth        | 2 3 |  3.0
Spellcasting   | 3 4 5 6 |  6.3
Dodging        | 3 |  3.0
Evocations     | 1 2 3 4 |  4.0

Action                   |  1- 3 |  4- 6 |  7- 9 || total
-------------------------+-------+-------+-------++-------
Melee: Unarmed           |     4 |    17 |       ||    21
       Dagger            |     6 |     4 |       ||    10
       Staff             |       |    35 |     7 ||    42
 Cast: Foxfire           |    57 |   114 |    24 ||   195
       Poisonous Vapours |       |     8 |     1 ||     9
       Scorch            |       |    13 |    15 ||    28
       Conjure Flame     |       |     2 |     2 ||     4
       Mephitic Cloud    |       |       |     1 ||     1
Invok: Curse Item        |       |       |     1 ||     1
  Use: Scroll            |     1 |     4 |     1 ||     6
       Potion            |       |       |     2 ||     2
 Stab: Confused          |       |     2 |       ||     2
       Sleeping          |       |     3 |       ||     3
Armor: Robe              |     5 |     8 |     5 ||    18
       Skin              |       |     2 |       ||     2
Dodge: Dodged            |    14 |    57 |     9 ||    80
